Cogmind - Beta 10.2 @@@ ROGUE MODE // 2020.12.08 @ 17:34:23 Player: CrossedViper Result: Destroyed by H-88 Terminator with KE Penetrator Performance ------------- Evolutions (8) 4000 Regions Visited (21) 4200 Robots Destroyed (214) 1070 Value Destroyed (8727) 8727 Prototype IDs (73) 1460 Alien Tech Used (2) 400 Bonus (2106) 2106 TOTAL SCORE: 21963 Bonus ------- High Alert Combat Kills 1081 Follower Combat Kills 2461 Aligned with FarCom 300 Met Data Miner 300 Met Zhirov 300 Built Enhanced Grunts 300 Met R17 at Cetus 500 Met R17 at Research 2000 Friendly Fire -5136 Cogmind --------- Core Integrity 0/1450 Matter 300/300 Energy 100/100 System Corruption 48% Temperature Cool (0) Movement Core (50) Location -2/Research Parts ------- > --- POWER (2) -------- (None) > --- PROPULSION (3) --- (None) > --- UTILITY (14) ----- Advanced Target Analyzer Advanced Target Analyzer Advanced Core Analyzer > --- WEAPON (4) ------- (None) > --- INVENTORY (4) ---- Quantum Capacitor Peak State ------------ > --- POWER ------------ Micro Fission Core Light Particle Reactor > --- PROPULSION ------- Biometal Heavy Treads Biometal Leg > --- UTILITY ---------- Advanced Heat Sink Advanced Heat Sink Advanced Coolant Injector Large Storage Unit Large Storage Unit High-capacity Storage Unit Advanced Signal Interpreter Advanced Target Analyzer Advanced Core Analyzer Advanced Reaction Control System Layered Heavy Armor Plating Layered Heavy Armor Plating > --- WEAPON ----------- Gamma Rifle Gamma Rifle Gamma Rifle Enhanced Nova Cannon > --- INVENTORY -------- Advanced Heavy Treads Biometal Heavy Treads Biometal Heavy Treads Biometal Heavy Treads Centrium Leg Advanced Target Analyzer Quantum Capacitor Experimental Transmission Jammer Layered Heavy Armor Plating Layered Heavy Armor Plating Point Defense Array Heart of Steel Chronowheel Tesla Rifle Field Lobotomy Kit [Rating: 166] Favorites ----------- Power Antimatter Reactor Engine Light Angular Momentum Engine Power Core Micro Fission Core Reactor Antimatter Reactor Propulsion Aluminum Leg Treads Centrium Heavy Treads Leg Aluminum Leg Wheel Centrium Wheel Hover Unit Cooled Gravmag System Utility Large Storage Unit Device Improved Cooling System Storage Large Storage Unit Processor Advanced Targeting Computer Hackware System Shield Protection Improved Light Armor Plating Weapon Neutron Cannon Energy Gun Tesla Rifle Energy Cannon Neutron Cannon Ballistic Gun Improved KE Penetrator Launcher Heavy Missile Launcher Special Weapon Experimental Stasis Projector Impact Weapon Thunder Hammer Slashing Weapon Great Axe Piercing Weapon Heavy Pick Build | -11 -10 -10 -10 -9 -8 -7 -7 -7 -7 -6 -6 -6 -6 -5 -5 -5 -5 -4 -4 -3 -2 ------- Run | Scr Mat Min Exi Min Mat Fac Low Low Dat Pro Fac Ext Cet Fac Upp Upp Zhi Pro Fac Res Res Slots Evolved 16 | . . . . . 4 2 . . . . 2 . . 2 . . . . 2 2 2 Power 1 | . . . . . . 1 . . . . . . . . . . . . . . . Propulsion 1 | . . . . . . . . . . . 1 . . . . . . . . . . Utility 12 | . . . . . 4 1 . . . . 1 . . . . . . . 2 2 2 Weapon 2 | . . . . . . . . . . . . . . 2 . . . . . . . Parts Attached 337 | . 12 2 . 9 16 30 8 5 2 6 32 22 14 15 1 10 30 . 15 25 83 Power 46 | . 1 . . 2 2 6 1 . . . 9 3 5 1 . . 3 . . 3 10 Engine 20 | . 1 . . 2 2 6 . . . . 5 2 . . . . . . . . 2 Core 8 | . . . . . . . 1 . . . 4 . . 1 . . . . . 1 1 Reactor 18 | . . . . . . . . . . . . 1 5 . . . 3 . . 2 7 Propulsion 51 | . . . . 2 2 3 1 1 . . 9 8 1 . . 3 3 . 2 4 12 Treads 7 | . . . . . . . 1 . . . 3 . 1 . . . . . . . 2 Leg 31 | . . . . 2 2 3 . . . . 5 8 . . . 3 . . . . 8 Wheel 8 | . . . . . . . . 1 . . 1 . . . . . . . . 4 2 Hover 5 | . . . . . . . . . . . . . . . . . 3 . 2 . . Flight . | . . . . . . . . . . . . . . . . . . . . . . Utility 119 | . 4 . . . 8 13 3 2 . 1 8 5 2 6 1 5 13 . 7 10 31 Device 59 | . . . . . 5 11 2 1 . . 2 . 1 3 . 3 8 . 2 4 17 Storage 19 | . 4 . . . . . . 1 . 1 . 1 . 2 . . 3 . 2 4 1 Processor 15 | . . . . . 1 2 . . . . 3 . . . 1 . . . 2 . 6 Hackware 1 | . . . . . . . . . . . . . . . . . . . . . 1 Protection 25 | . . . . . 2 . 1 . . . 3 4 1 1 . 2 2 . 1 2 6 Artifact . | . . . . . . . . . . . . . . . . . . . . . . Weapon 121 | . 7 2 . 5 4 8 3 2 2 5 6 6 6 8 . 2 11 . 6 8 30 Energy Gun 32 | . 3 . . 1 1 3 . . . . . 1 . 4 . 1 . . 2 1 15 Energy Cannon 28 | . . . . . . 3 2 1 2 2 . . . . . . 5 . 3 7 3 Ballistic Gun 28 | . . 2 . 2 1 1 1 . . 1 . . 3 4 . 1 2 . . . 10 Ballistic Cannon . | . . . . . . . . . . . . . . . . . . . . . . Launcher 19 | . 4 . . 2 1 1 . . . 2 2 4 3 . . . . . . . . Special Weapon 2 | . . . . . . . . . . . . . . . . . 2 . . . . Impact Weapon 2 | . . . . . . . . . . . . . . . . . . . 1 . 1 Slashing Weapon 4 | . . . . . 1 . . . . . . . . . . . 2 . . . 1 Piercing Weapon 6 | . . . . . . . . 1 . . 4 1 . . . . . . . . . Special Melee Weapon . | . . . . . . . . . . . . . . . . . . . . . . Unidentified Prototypes 22 | . . . . . . 1 . . . 1 1 . 4 . . . 6 . 5 1 3 Parts Lost 124 | . . 1 . 1 6 8 6 . . 3 13 1 4 . . . 3 . . 1 77 Power 16 | . . . . . . 2 . . . . 4 . 2 . . . . . . 1 7 Propulsion 17 | . . . . 1 1 . 2 . . . 2 . . . . . . . . . 11 Utility 52 | . . . . . 2 4 2 . . 1 6 1 . . . . 3 . . . 33 Weapon 39 | . . 1 . . 3 2 2 . . 2 1 . 2 . . . . . . . 26 Highest Loss Streak 22 | . . 1 . 1 6 6 6 . . 3 5 1 2 . . . 3 . . 1 22 Average Slot Usage (%) 92 | . 95 99 100 99 90 97 92 91 80 91 94 99 93 83 88 91 92 100 98 97 73 Engine 6 | . 14 14 14 14 9 14 7 7 7 7 4 12 . . . . . . . . . Core 2 | . . . . . . . 6 7 7 7 7 . . . 5 5 3 . . . 1 Reactor 2 | . . . . . . . . . . . . . 11 10 5 5 6 11 10 8 4 Treads 1 | . . . . . . . 5 5 . . 4 . 5 5 5 3 . . . . . Leg 10 | . 28 28 28 27 17 15 3 . . . 7 19 8 5 5 9 3 . . . 3 Wheel 1 | . . . . . . . . 1 7 7 4 . . . . . . . . 8 4 Hover 1 | . . . . . . . . . . . . . . . . . 13 17 15 5 . Device 11 | . . . . . 15 23 16 14 15 15 5 . 1 8 11 12 19 17 17 23 15 Storage 19 | . 23 28 28 28 18 15 15 21 23 25 26 26 26 18 11 8 6 11 14 16 16 Processor 8 | . . . . . 8 11 15 8 7 7 12 11 6 5 11 11 11 11 12 9 8 Protection 4 | . . . . . 5 1 4 7 7 3 4 13 18 7 5 6 4 5 4 3 2 Energy Gun 2 | . 5 . . 2 6 2 . . . . . . . 8 5 5 1 . 2 2 3 Energy Cannon 4 | . . . . . . 1 14 14 4 11 . . . . . . 3 23 17 15 2 Ballistic Gun 6 | . 14 27 28 24 5 2 . . . 3 . . 7 9 17 17 9 . . . 4 Launcher 1 | . 8 . . 1 1 . . . . . . 4 2 . . . . . . . . Slashing Weapon 1 | . . . . . 2 6 . . . . . . . . . . 2 . . . . Piercing Weapon 1 | . . . . . . . . . . . 10 7 2 . . . . . . . . Naked Turns . | . . . . . . . . . . . . . . . . . . . . . . Heaviest Build 189 | 11 39 39 37 44 50 67 69 82 82 82 83 92 114 104 74 82 101 101 111 174 189 Greatest Support 84 | 20 20 20 20 20 30 40 33 30 28 28 80 78 80 80 80 84 84 51 54 54 84 Greatest Overweight (x) 18 | . 1 1 1 3 4 2 18 2 2 2 5 2 2 1 . 2 4 1 2 8 5 Average Overweight (x) 1 | . . 1 1 1 1 1 2 2 2 2 2 1 1 . . . . 1 1 2 2 Largest Inventory Capacity 42 | . 16 16 16 16 16 16 16 22 22 22 22 22 22 42 30 30 10 10 16 24 30 Average Capacity 19 | . 7 16 16 16 16 16 16 20 22 22 22 22 22 28 30 23 10 10 10 21 26 Most Carried 30 | . 8 8 12 16 16 16 16 22 22 22 22 22 22 30 30 30 10 10 10 24 29 Average Carried 17 | . 5 7 10 14 15 15 13 18 22 21 21 21 20 23 30 22 9 10 9 18 19 Final Capacity 30 | 6 16 16 16 16 16 16 16 22 22 22 22 22 22 30 30 10 10 10 16 24 4 Final Carried 30 | 6 7 8 12 16 16 16 13 22 22 22 22 22 20 30 30 10 10 10 10 24 2 Class Distribution -------------------- 31% | Scavenger-Mutant 21% | Mutant 17% | Scavenger-Gunner 11% | Hauler-Mutant 9% | Commander-Mutant 5% | Hauler-Gunner 4% | Scavenger-Tank Dominant Class ---------------- Mutant | -10/Materials Mutant | -10/Mines Mutant | -10/Exiles Commander-Mutant | -9/Mines Scavenger-Mutant | -8/Materials Mutant | -7/Factory Scavenger-Mutant | -7/Lower Caves Hauler-Mutant | -7/Lower Caves Hauler-Mutant | -7/Data Miner Hauler-Mutant | -6/Proximity Caves Scavenger-Mutant | -6/Factory Commander-Mutant | -6/Extension Scavenger-Mutant | -6/Cetus Scavenger-Mutant | -5/Factory Scavenger-Gunner | -5/Upper Caves Scavenger-Gunner | -5/Upper Caves Scavenger-Mutant | -5/Zhirov Scavenger-Gunner | -4/Proximity Caves Scavenger-Gunner | -4/Factory Hauler-Gunner | -3/Research Scavenger-Gunner | -2/Research Resources | -11 -10 -10 -10 -9 -8 -7 -7 -7 -7 -6 -6 -6 -6 -5 -5 -5 -5 -4 -4 -3 -2 ----------- Run | Scr Mat Min Exi Min Mat Fac Low Low Dat Pro Fac Ext Cet Fac Upp Upp Zhi Pro Fac Res Res Matter Collected 5595 | 192 344 60 . 125 310 238 192 66 . 117 680 442 323 238 102 124 177 63 130 265 1407 Remotely . | . . . . . . . . . . . . . . . . . . . . . . Salvage Created 10994 | . 419 100 . 31 650 767 167 17 . 210 1897 597 435 251 204 27 188 57 548 588 3841 Parts 508 | . 34 7 . 7 37 53 10 1 . 13 90 30 17 18 7 5 2 3 11 20 143 Haulers Intercepted 7 | . 1 . . . . 1 . . . . . . . 1 . . . . 2 2 . Recyclers Shooed 4 | . . . . . . 1 . . . . . . . . . . . . . . 3 Parts Field Recycled . | . . . . . . . . . . . . . . . . . . . . . . Retrieved Matter . | . . . . . . . . . . . . . . . . . . . . . . Parts Self-Destructed 30 | . . . . . . . 7 . . 12 . . . . 5 . . 6 . . . Prevented 6 | . . . . . . . . . . . . . . . 4 . . 2 . . . Kills | -11 -10 -10 -10 -9 -8 -7 -7 -7 -7 -6 -6 -6 -6 -5 -5 -5 -5 -4 -4 -3 -2 ------- Run | Scr Mat Min Exi Min Mat Fac Low Low Dat Pro Fac Ext Cet Fac Upp Upp Zhi Pro Fac Res Res Combat Hostiles Destroyed 144 | . 9 5 . 6 12 10 4 . . 4 23 11 7 1 3 1 . 1 6 3 38 Melee 29 | . . . . . 2 7 . . . . 17 2 1 . . . . . . . . Guns 43 | . 3 2 . . 5 . . . . 1 . . 4 1 3 . . . 1 1 22 Cannons 20 | . . . . . . . 4 . . 2 . . . . . . . 1 3 1 9 AOE 41 | . 6 3 . 6 5 1 . . . 1 6 9 1 . . 1 . . 1 . 1 Classes Destroyed 18 | . 7 . . . 3 2 1 1 . 1 1 1 . . . 1 . . . . . Worker 19 | . 3 . . . 1 . . . . . 7 2 . . . . . . . 3 3 Builder 12 | . 1 . . . 1 1 . . . . 3 1 . 2 . . . . . . 3 Tunneler 4 | . 1 . . . . 1 . . . . 1 . . 1 . . . . . . . Hauler 7 | . 1 . . . . 1 . . . . . . . 1 . . . . 2 2 . Recycler 11 | . . . . . 1 1 . . . . 4 . . . . . . . . . 5 Operator 4 | . . . . . . 1 . . . . . . . . . . . . 1 1 1 Watcher 7 | . 2 . . . . 2 . . . . 1 . 1 . . . . . . . 1 Swarmer 28 | . 3 3 . 6 . . 3 . . 2 4 2 . . . . . . . . 5 Grunt 50 | . 6 2 . . 8 3 . . . . 7 5 2 . 1 . . . 2 . 14 Brawler 3 | . . . . . 1 . . . . . 2 . . . . . . . . . . Duelist 1 | . . . . . . . . . . . . . . . . . . . . . 1 Sentry 17 | . . . . . 3 3 . . . . 5 2 . 1 . . . . . 1 2 Hunter 18 | . . . . . . . . . . . 1 . 1 . 2 . . . 4 2 8 Programmer 19 | . . . . . . 4 . . . 1 4 1 . . . . . 1 . . 8 Behemoth 2 | . . . . . . . 1 . . 1 . . . . . . . . . . . Cetus Guard 4 | . . . . . . . . . . . . . 4 . . . . . . . . Enhanced Grunt 2 | . . . . . . . . . . . . . . . . . 2 . . . . Samaritan 1 | . . . . . . . . . . 1 . . . . . . . . . . . Tinkerer 1 | . . . . . . . . 1 . . . . . . . . . . . . . Master Thief 1 | . . . . . . . . . . . . . . . . 1 . . . . . Thug 2 | . . . . . . . . . . . . 2 . . . . . . . . . Butcher 2 | . . . . . . . . . . . . 2 . . . . . . . . . Best Kill Streak 24 | . 4 3 . 4 7 2 3 . . 2 8 6 3 2 2 1 . 1 2 4 24 Combat Bots Only 17 | . 3 3 . 4 5 2 3 . . 2 4 5 3 1 2 1 . 1 2 2 17 Max Kills in Single Turn 7 | . 2 3 . 4 2 1 1 1 . 1 7 4 1 2 2 1 1 1 1 2 2 Gunslinging 1 | . . . . . . . . . . . . . . . 1 . . . . . . Exploded 4 | . 2 3 . 4 2 1 . . . 1 3 2 1 . . 1 . . 1 . 1 Melee 1 | . . . . . 1 1 . . . . 1 1 1 . . . . . . . . Uniques/NPCs Destroyed 1 | . . . . . . . . . . . . . 1 . . . . . . . . A7 (-6/Cetus) Combat | -11 -10 -10 -10 -9 -8 -7 -7 -7 -7 -6 -6 -6 -6 -5 -5 -5 -5 -4 -4 -3 -2 -------- Run | Scr Mat Min Exi Min Mat Fac Low Low Dat Pro Fac Ext Cet Fac Upp Upp Zhi Pro Fac Res Res Damage Taken 26098 | . 183 319 . 122 707 1236 521 . . 608 2436 769 1022 476 243 9 1256 37 290 689 15175 Core 2855 | . 15 43 . 22 100 146 69 . . 112 443 94 128 40 12 . 130 . . 100 1401 Absorbed by Shields 1070 | . . . . . . 369 65 . . . 84 497 55 . . . . . . . . Core Remaining (%) 74 | 100 . . . 68 81 . . . . 53 . . 21 . . . . 81 100 92 . Volleys Fired 414 | . 36 20 . 4 32 24 14 . . 20 21 14 20 14 6 4 2 2 23 23 135 Largest 4 | . 2 2 . 1 2 1 2 . . 2 2 1 2 4 4 4 2 4 4 4 4 Hottest 383 | . 60 40 . 30 92 80 160 . . 160 110 39 70 228 166 166 180 360 375 370 383 Shots Fired 971 | . 57 36 . 4 56 25 26 . . 36 29 15 31 36 24 15 3 7 76 86 409 Gun 595 | . 42 35 . . 49 21 . . . 5 7 . 22 36 24 15 . . 9 17 313 Cannon 305 | . . . . . . 1 26 . . 30 7 . . . . . 2 7 67 69 96 Launcher 70 | . 15 1 . 4 7 3 . . . 1 15 15 9 . . . . . . . . Special 1 | . . . . . . . . . . . . . . . . . 1 . . . . Kinetic 383 | . 21 35 . . 25 1 . . . 5 7 . 22 27 18 11 . . . . 211 Thermal 313 | . 21 . . . 14 6 26 . . 30 7 . . . . . 2 7 67 51 82 Explosive 48 | . 15 1 . 4 7 3 . . . . 1 14 3 . . . . . . . . Electromagnetic 226 | . . . . . 10 15 . . . 1 14 1 6 9 6 4 . . 9 35 116 Robot Hit Streak 28 | . 4 7 . . 14 12 6 . . 10 11 4 11 12 16 19 3 4 15 28 15 Robot Miss Streak 6 | . 4 2 . . 6 2 2 . . 2 1 1 1 2 1 5 . . 3 3 4 Penetration Max 1 | . . . . . . . . . . . . . 1 1 1 . . . . . 1 Secondary Targets 9 | . 2 . . . . . . . . . . . 2 . 1 . . . . . 4 Max Gunslinging Chain 1 | . 1 . . . . . . . . . . . 1 . 1 . . . . . 1 Shots Hit Robots 792 | . 20 24 . . 40 50 19 2 . 24 83 18 28 21 21 6 80 1 40 59 256 Core Hits 458 | . 25 12 . 7 26 24 7 1 . 10 65 67 22 10 7 1 17 1 12 18 126 Critical Hits 65 | . . . . . . 1 2 . . 1 12 4 5 3 3 . . . 2 2 30 Critical Kills 22 | . . . . . . 1 . . . . 9 1 1 . . . . . . 1 9 Critical Parts Destroyed 40 | . . . . . . . 1 . . 1 3 2 4 2 3 . . . 2 1 21 Melee Attacks 239 | . . . . . 7 36 . 2 . . 92 13 5 . . . 78 . . . 6 Impact 6 | . . . . . . . . . . . . . . . . . . . . . 6 Slashing 121 | . . . . . 7 36 . . . . . . . . . . 78 . . . . Piercing 112 | . . . . . . . . 2 . . 92 13 5 . . . . . . . . Sneak Attacks 106 | . . . . . 1 6 . 2 . . 17 3 3 . . . 72 . . . 2 Combat Hostiles 5 | . . . . . . . . . . . 4 1 . . . . . . . . . Follow-up Attacks 10 | . . . . . . . . . . . 8 2 . . . . . . . . . Damage Inflicted 31175 | . 668 291 . 447 1475 2206 581 183 . 810 4613 3180 1387 546 480 97 1057 57 1979 2284 8834 Guns 9072 | . 239 178 . . 547 285 . . . 98 131 . 433 546 480 42 . . 337 491 5265 Cannons 7261 | . . . . . . . 581 . . 644 130 . . . . . 63 57 1496 1793 2497 Explosions 7225 | . 429 113 . 447 714 205 . . . 68 1199 2630 657 . . 55 . . 146 . 562 Melee 7458 | . . . . . 214 1716 . 183 . . 3150 550 297 . . . 994 . . . 354 Ramming 159 | . . . . . . . . . . . 3 . . . . . . . . . 156 Kinetic 5257 | . 57 178 . . 239 . . . . 98 131 . 433 387 360 . . . . . 3374 Thermal 7628 | . 182 . . . 154 156 581 . . 670 130 . . . . 55 63 57 1642 1272 2666 Explosive 5367 | . 429 113 . 447 714 205 . . . . 616 2530 313 . . . . . . . . Electromagnetic 5306 | . . . . . 154 129 . . . 42 583 100 344 159 120 42 . . 337 1012 2284 Impact 354 | . . . . . . . . . . . . . . . . . . . . . 354 Slashing 2924 | . . . . . 214 1716 . . . . . . . . . . 994 . . . . Piercing 4180 | . . . . . . . . 183 . . 3150 550 297 . . . . . . . . Highest Corruption 48 | . . . . . . 5 5 5 5 5 7 7 7 1 1 1 6 6 . 2 48 Average Corruption 5 | . . . . . . 3 5 5 5 5 4 7 7 1 1 1 4 6 . 2 14 Corruption Purged . | . . . . . . . . . . . . . . . . . . . . . . Effects 239 | . . . . . . 25 17 12 3 8 38 34 23 1 4 3 19 12 . 3 37 Message Errors 64 | . . . . . . 5 4 5 2 2 13 10 5 . 1 1 5 3 . 1 7 Matter Fused 52 | . . . . . . 7 6 4 . 1 7 6 4 . . . 3 3 . . 11 Heat Flow Errors 28 | . . . . . . 5 2 2 1 1 3 8 1 . . . 2 1 . . 2 Energy Discharges 22 | . . . . . . . 1 . . 1 6 3 3 . . . 3 2 . . 3 Parts Rejected 2 | . . . . . . 1 . . . . 1 . . . . . . . . . . Data Loss (minor) 28 | . . . . . . 3 1 1 . 1 4 2 3 1 2 1 3 1 . 1 4 Data Loss (major) 6 | . . . . . . . . . . . . 3 2 . . . . 1 . . . Misfires 4 | . . . . . . 1 1 . . . 1 1 . . . . . . . . . Alerts 1 | . . . . . . . . . . . . . . . . . . . . . 1 Misdirections 1 | . . . . . . . . . . . . . . . . . . . . . 1 Targeting Errors 27 | . . . . . . 3 2 . . 1 3 1 5 . 1 . 3 . . 1 7 Weapon Failures 4 | . . . . . . . . . . 1 . . . . . 1 . 1 . . 1 Overload Shots . | . . . . . . . . . . . . . . . . . . . . . . Overflow Damage 1146 | . . 6 . 30 21 166 2 46 . 4 323 152 17 . . . . . 84 55 240 Projectiles 245 | . . . . . . . 2 . . 4 . . . . . . . . 84 55 100 Explosions 303 | . . 6 . 30 21 13 . . . . 91 60 17 . . . . . . . 65 Melee 598 | . . . . . . 153 . 46 . . 232 92 . . . . . . . . 75 Knockbacks 2 | . . . . . . . . . . . . . . . . . . . . . 2 Impact 2 | . . . . . . . . . . . . . . . . . . . . . 2 Kinetic . | . . . . . . . . . . . . . . . . . . . . . . Secondary . | . . . . . . . . . . . . . . . . . . . . . . Self-Inflicted Damage 422 | . 43 24 . 32 . . . . . 2 173 97 . . . . . . . . 51 Shots 18 | . 2 1 . 1 . . . . . 1 9 3 . . . . . . . . 1 Rammed 22 | . . . . . . . . . . . 1 . . . . . . . . . 21 Targets Rammed 22 | . . . . . . . . . . . 1 . . . . . . . . . 21 Kicked . | . . . . . . . . . . . . . . . . . . . . . . Crushed . | . . . . . . . . . . . . . . . . . . . . . . Highest Temperature 395 | . 40 30 . . 49 208 199 185 181 194 306 237 219 276 42 42 222 205 395 324 389 Average Temperature 91 | . 18 12 . . 18 75 113 85 91 113 139 76 85 73 21 21 120 77 126 106 123 Received Heat Transfer 2843 | . 24 165 . . 324 280 99 . . 120 671 188 114 63 9 . 66 9 . 63 648 Effects 5 | . . . . . . . . . . . . . . 1 . . . . . . 4 Shutdowns 1 | . . . . . . . . . . . . . . . . . . . . . 1 Interference 4 | . . . . . . . . . . . . . . 1 . . . . . . 3 Siege Activations . | . . . . . . . . . . . . . . . . . . . . . . Robots Corrupted 11 | . . . . . . 1 . . . . . . 1 . . . . . 1 1 7 Combat Hostiles 10 | . . . . . . 1 . . . . . . 1 . . . . . 1 1 6 Parts Fried 32 | . . . . . . 2 . . . . 2 . 1 2 1 . . . 4 4 16 Impact Corruptions 3 | . . . . . . . . . . . . . . . . . . . . . 3 Robots Melted 1 | . . . . . . 1 . . . . . . . . . . . . . . . Combat Hostiles 1 | . . . . . . 1 . . . . . . . . . . . . . . . Parts Melted 21 | . . . . . . 2 1 . . . 1 2 . . . . . . 1 . 14 Heat Transferred 7917 | . 400 . . . 296 350 1050 . . 1200 250 . . . . 50 50 25 1021 803 2422 Parts Sabotaged . | . . . . . . . . . . . . . . . . . . . . . . Parts Stolen 2 | . . . . . . . . . . . . . . . . 2 . . . . . Parts Stripped . | . . . . . . . . . . . . . . . . . . . . . . Power Chain Reactions 4 | . . . . . . . . . . 1 . . . . . 1 . . . . 2 Missiles Intercepted . | . . . . . . . . . . . . . . . . . . . . . . Alert | -11 -10 -10 -10 -9 -8 -7 -7 -7 -7 -6 -6 -6 -6 -5 -5 -5 -5 -4 -4 -3 -2 ------- Run | Scr Mat Min Exi Min Mat Fac Low Low Dat Pro Fac Ext Cet Fac Upp Upp Zhi Pro Fac Res Res Peak Influence 1760 | . 414 134 . 129 299 138 . . . . 592 1760 1111 688 . . . . 272 350 766 Initial 746 | . . 24 . . . 41 . . . . 60 289 746 621 . . . . . 118 24 Average 318 | . 156 108 . 71 118 42 . . . . 260 908 909 553 . . . . 133 187 407 Maximum Alert Level 5 | . 2 . . . 1 . . . . . 2 5 4 2 . . . . 1 1 3 Low Security (%) 52 | . 61 100 . 100 79 100 . . . . 46 . . . . . . . 71 81 8 Level 1 20 | . 34 . . . 20 . . . . . 31 17 . . . . . . 28 18 53 Level 2 12 | . 4 . . . . . . . . . 22 5 . 100 . . . . . . 32 Level 3 10 | . . . . . . . . . . . . 43 90 . . . . . . . 5 Level 4 3 | . . . . . . . . . . . . 31 9 . . . . . . . . Level 5 . | . . . . . . . . . . . . 1 . . . . . . . . . High Security . | . . . . . . . . . . . . . . . . . . . . . . Max Security . | . . . . . . . . . . . . . . . . . . . . . . Squads Dispatched 40 | . 1 . . 1 2 7 . . . . 2 5 . 1 . . . . 3 7 11 Investigation 3 | . . . . 1 1 . . . . . 1 . . . . . . . . . . Extermination 10 | . . . . . . 4 . . . . 1 . . 1 . . . . . . 4 Reinforcement 24 | . 1 . . . 1 3 . . . . . 2 . . . . . . 3 7 7 Assault 3 | . . . . . . . . . . . . 3 . . . . . . . . . Garrison . | . . . . . . . . . . . . . . . . . . . . . . Intercept . | . . . . . . . . . . . . . . . . . . . . . . Construction Impeded 6 | . . . . . 1 . . . . . . 2 . . . . . . 1 . 2 Haulers Reinforced 3 | . . . . . . 1 . . . . . . . . . . . . 1 . 1 Stealth | -11 -10 -10 -10 -9 -8 -7 -7 -7 -7 -6 -6 -6 -6 -5 -5 -5 -5 -4 -4 -3 -2 --------- Run | Scr Mat Min Exi Min Mat Fac Low Low Dat Pro Fac Ext Cet Fac Upp Upp Zhi Pro Fac Res Res Distress Signals 21 | . 1 . . . 1 . . . . . 2 4 1 . . . . . . 7 5 Communications Jammed . | . . . . . . . . . . . . . . . . . . . . . . Distress Signals . | . . . . . . . . . . . . . . . . . . . . . . Times Spotted 313 | . 17 2 . 8 22 22 3 . . 6 38 43 19 7 3 3 6 3 9 17 85 Peak Tracking Total 15 | . 4 2 . 4 5 4 2 . . 4 6 7 5 2 2 3 3 3 3 4 15 Tactical Retreats 17 | . . . . 1 . 1 . . . . 6 . 1 . . . . 1 . 1 6 Traps | -11 -10 -10 -10 -9 -8 -7 -7 -7 -7 -6 -6 -6 -6 -5 -5 -5 -5 -4 -4 -3 -2 ------- Run | Scr Mat Min Exi Min Mat Fac Low Low Dat Pro Fac Ext Cet Fac Upp Upp Zhi Pro Fac Res Res Traps Triggered 11 | . . . . . . 2 . . . . 1 2 . 2 . . . . 1 1 2 Indirectly . | . . . . . . . . . . . . . . . . . . . . . . Trap Hack Attempts . | . . . . . . . . . . . . . . . . . . . . . . Triggered . | . . . . . . . . . . . . . . . . . . . . . . Disarmed . | . . . . . . . . . . . . . . . . . . . . . . Reprogrammed . | . . . . . . . . . . . . . . . . . . . . . . Reused . | . . . . . . . . . . . . . . . . . . . . . . Traps Extracted . | . . . . . . . . . . . . . . . . . . . . . . Installed 1 | . . . . . . 1 . . . . . . . . . . . . . . . Triggered 3 | . . . . . . . . . . . . . . . 2 . . 1 . . . Machines | -11 -10 -10 -10 -9 -8 -7 -7 -7 -7 -6 -6 -6 -6 -5 -5 -5 -5 -4 -4 -3 -2 ---------- Run | Scr Mat Min Exi Min Mat Fac Low Low Dat Pro Fac Ext Cet Fac Upp Upp Zhi Pro Fac Res Res Machines Disabled 19 | . 6 . . . . . . . . . 1 4 4 1 . . . . 3 . . Max in Single Turn 2 | . 2 . . . . . . . . . 1 1 2 1 . . . . 1 . . Garrison Access 1 | . . . . . . . . . . . 1 . . . . . . . . . . Machines Sabotaged . | . . . . . . . . . . . . . . . . . . . . . . Garrisons Compromised . | . . . . . . . . . . . . . . . . . . . . . . Overloaded Fab Kills . | . . . . . . . . . . . . . . . . . . . . . . Fab Network Shutdowns . | . . . . . . . . . . . . . . . . . . . . . . Hacking | -11 -10 -10 -10 -9 -8 -7 -7 -7 -7 -6 -6 -6 -6 -5 -5 -5 -5 -4 -4 -3 -2 --------- Run | Scr Mat Min Exi Min Mat Fac Low Low Dat Pro Fac Ext Cet Fac Upp Upp Zhi Pro Fac Res Res Machines Accessed 53 | . 6 . 2 1 8 4 . 2 4 . 6 5 . 2 . 1 7 . 4 1 . Terminals 33 | . 6 . . . 8 4 . . . . 5 5 . 1 . . . . 3 1 . Fabricators 1 | . . . . . . . . . . . . . . 1 . . . . . . . Repair Stations . | . . . . . . . . . . . . . . . . . . . . . . Recycling Units . | . . . . . . . . . . . . . . . . . . . . . . Scanalyzers 1 | . . . . . . . . . . . . . . . . . . . 1 . . Garrison Access 1 | . . . . . . . . . . . 1 . . . . . . . . . . Total Hacks 158 | . 13 . 2 1 15 9 . 2 29 . 9 13 . 7 . 1 46 . 10 1 . Successful 114 | . 7 . 2 1 7 3 . 2 29 . 6 3 . 4 . 1 46 . 3 . . Failed 44 | . 6 . . . 8 6 . . . . 3 10 . 3 . . . . 7 1 . Catastrophic 8 | . . . . . 4 . . . . . . 2 . 1 . . . . 1 . . Database Lockouts . | . . . . . . . . . . . . . . . . . . . . . . Manual 43 | . 5 . 1 . 13 7 . . . . 2 7 1 1 . . . . 6 . . Terminals 73 | . 13 . . . 15 9 . . . . 8 13 . 5 . . . . 9 1 . Fabricators 2 | . . . . . . . . . . . . . . 2 . . . . . . . Repair Stations . | . . . . . . . . . . . . . . . . . . . . . . Recycling Units . | . . . . . . . . . . . . . . . . . . . . . . Scanalyzers 1 | . . . . . . . . . . . . . . . . . . . 1 . . Garrison Access 1 | . . . . . . . . . . . 1 . . . . . . . . . . Terminal Hacks 102 | . 6 . 2 1 3 1 . 2 29 . 4 2 . 3 . 1 46 . 2 . . Record 46 | . . . 1 . . . . . 11 . . . . . . . 34 . . . . Part Schematic 14 | . . . . . . . . . 10 . . . . . . . 4 . . . . Robot Schematic 5 | . . . . . . . . . 5 . . . . . . . . . . . . Robot Analysis 4 | . . . . . . . . . . . . . . . . . 4 . . . . Prototype ID Bank 9 | . . . . . . . . . 3 . . . . . . . 4 . 2 . . Open Door 5 | . . . . 1 . . . 2 . . 1 . . . . 1 . . . . . Level Access Points 3 | . 1 . . . 1 . . . . . 1 . . . . . . . . . . Branch Access Points 6 | . 1 . . . 2 1 . . . . 1 . . 1 . . . . . . . Machine Index 1 | . 1 . . . . . . . . . . . . . . . . . . . . Alert Level 1 | . . . . . . . . . . . . . . 1 . . . . . . . Unreport Threat 4 | . 1 . . . . . . . . . . 2 . 1 . . . . . . . Locate Traps 1 | . . . . . . . . . . . 1 . . . . . . . . . . Investigation Status 1 | . 1 . . . . . . . . . . . . . . . . . . . . Zone Layout 1 | . 1 . . . . . . . . . . . . . . . . . . . . EX-Prototype ID Bank 1 | . . . 1 . . . . . . . . . . . . . . . . . . Fabricator Hacks 1 | . . . . . . . . . . . . . . 1 . . . . . . . Load Schematic 1 | . . . . . . . . . . . . . . 1 . . . . . . . Repair Station Hacks . | . . . . . . . . . . . . . . . . . . . . . . Recycling Unit Hacks . | . . . . . . . . . . . . . . . . . . . . . . Scanalyzer . | . . . . . . . . . . . . . . . . . . . . . . Garrison Access Hacks 1 | . . . . . . . . . . . 1 . . . . . . . . . . Seal Access 1 | . . . . . . . . . . . 1 . . . . . . . . . . Unauthorized Hacks 10 | . 1 . . . 4 2 . . . . 1 1 . . . . . . 1 . . Terminals 10 | . 1 . . . 4 2 . . . . 1 1 . . . . . . 1 . . Track 1 | . . . . . 1 . . . . . . . . . . . . . . . . Assimilate 1 | . 1 . . . . . . . . . . . . . . . . . . . . Botnet 8 | . . . . . 3 2 . . . . 1 1 . . . . . . 1 . . Fabricators . | . . . . . . . . . . . . . . . . . . . . . . Repair Stations . | . . . . . . . . . . . . . . . . . . . . . . Recycling Units . | . . . . . . . . . . . . . . . . . . . . . . Scanalyzers . | . . . . . . . . . . . . . . . . . . . . . . Garrison Access . | . . . . . . . . . . . . . . . . . . . . . . Data Cores Recovered 2 | . . . . . . . . . . . . . . 1 . . . . 1 . . Used . | . . . . . . . . . . . . . . . . . . . . . . Hacking Detections 33 | . 5 . . . 8 4 . . . . 4 5 . 2 . . . . 4 1 . Full Trace Events . | . . . . . . . . . . . . . . . . . . . . . . Feedback Events . | . . . . . . . . . . . . . . . . . . . . . . Feedback Blocked . | . . . . . . . . . . . . . . . . . . . . . . Robot Schematics Acquired 5 | . . . . . . . . . 5 . . . . . . . . . . . . Robots Built . | . . . . . . . . . . . . . . . . . . . . . . Matter . | . . . . . . . . . . . . . . . . . . . . . . Time . | . . . . . . . . . . . . . . . . . . . . . . Total Robot Build Rating . | . . . . . . . . . . . . . . . . . . . . . . Part Schematics Acquired 14 | . . . . . . . . . 10 . . . . . . . 4 . . . . Parts Built . | . . . . . . . . . . . . . . . . . . . . . . Matter . | . . . . . . . . . . . . . . . . . . . . . . Time . | . . . . . . . . . . . . . . . . . . . . . . Total Part Build Rating . | . . . . . . . . . . . . . . . . . . . . . . Parts Repaired . | . . . . . . . . . . . . . . . . . . . . . . Time . | . . . . . . . . . . . . . . . . . . . . . . Parts Recycled . | . . . . . . . . . . . . . . . . . . . . . . Recycled Matter . | . . . . . . . . . . . . . . . . . . . . . . Retrieved Matter . | . . . . . . . . . . . . . . . . . . . . . . Retrieved Components . | . . . . . . . . . . . . . . . . . . . . . . Parts Scanalyzed . | . . . . . . . . . . . . . . . . . . . . . . Part Schematics Acquired . | . . . . . . . . . . . . . . . . . . . . . . Parts Damaged . | . . . . . . . . . . . . . . . . . . . . . . Bothacking | -11 -10 -10 -10 -9 -8 -7 -7 -7 -7 -6 -6 -6 -6 -5 -5 -5 -5 -4 -4 -3 -2 ------------ Run | Scr Mat Min Exi Min Mat Fac Low Low Dat Pro Fac Ext Cet Fac Upp Upp Zhi Pro Fac Res Res Used RIF Installer . | . . . . . . . . . . . . . . . . . . . . . . Robots Hacked . | . . . . . . . . . . . . . . . . . . . . . . Non-combat . | . . . . . . . . . . . . . . . . . . . . . . Combat . | . . . . . . . . . . . . . . . . . . . . . . Robot Hacks Applied . | . . . . . . . . . . . . . . . . . . . . . . Relay Couplers Released . | . . . . . . . . . . . . . . . . . . . . . . Robots Rewired 18 | . . . . . . . . . . . 3 15 . . . . . . . . . Allies Hacked . | . . . . . . . . . . . . . . . . . . . . . . Hacks Repelled . | . . . . . . . . . . . . . . . . . . . . . . Allies | -11 -10 -10 -10 -9 -8 -7 -7 -7 -7 -6 -6 -6 -6 -5 -5 -5 -5 -4 -4 -3 -2 -------- Run | Scr Mat Min Exi Min Mat Fac Low Low Dat Pro Fac Ext Cet Fac Upp Upp Zhi Pro Fac Res Res Total Allies 38 | . 1 . . 3 . . . . . 1 3 24 5 . . . 1 . . . . Largest Group 20 | . 1 1 1 4 3 . . . . 1 3 20 14 2 . . 1 1 1 1 . Highest-Rated Group 734 | . 10 10 10 50 42 . . . . 94 106 701 734 179 . . 131 131 131 109 . Highest-Rated Ally 156 | . 10 10 10 16 16 . . . . 94 37 156 149 94 . . 131 131 131 109 . Total Orders 6 | . . . . 2 . . . . . . . . 2 . . . . 2 . . . STAY 3 | . . . . 1 . . . . . . . . 1 . . . . 1 . . . ROAM 1 | . . . . . . . . . . . . . 1 . . . . . . . . FOLLOW 2 | . . . . 1 . . . . . . . . . . . . . 1 . . . Ally Attacks 359 | . . . . 8 28 . . . . 6 6 182 85 20 . . . 4 12 8 . Total Damage 10169 | . . . . 67 385 . . . . 138 209 4601 2808 710 . . . 383 754 114 . Kills 73 | . . . . 3 2 . . . . 1 3 39 13 5 . . . 3 2 2 . Allies Corrupted . | . . . . . . . . . . . . . . . . . . . . . . Allies Melted . | . . . . . . . . . . . . . . . . . . . . . . Field Lobotomies 1 | . . . . . . . . . . . . . . . . . 1 . . . . Intel | -11 -10 -10 -10 -9 -8 -7 -7 -7 -7 -6 -6 -6 -6 -5 -5 -5 -5 -4 -4 -3 -2 ------- Run | Scr Mat Min Exi Min Mat Fac Low Low Dat Pro Fac Ext Cet Fac Upp Upp Zhi Pro Fac Res Res Robot Analysis Total 4 | . . . . . . . . . . . . . . . . . 4 . . . . Derelict Logs Recovered 8 | . . . . 2 . . 2 1 . . . . . . 1 1 . 1 . . . Drone Launches . | . . . . . . . . . . . . . . . . . . . . . . Drone Recoveries . | . . . . . . . . . . . . . . . . . . . . . . Exploration | -11 -10 -10 -10 -9 -8 -7 -7 -7 -7 -6 -6 -6 -6 -5 -5 -5 -5 -4 -4 -3 -2 ------------- Run | Scr Mat Min Exi Min Mat Fac Low Low Dat Pro Fac Ext Cet Fac Upp Upp Zhi Pro Fac Res Res Turns Passed 16411 | . 731 322 378 815 1126 1849 603 683 105 383 1518 1310 598 496 474 718 738 469 471 819 1805 Spaces Moved 8960 | 1 506 164 249 502 558 989 278 369 85 264 739 653 216 225 283 467 432 501 311 510 658 Core 12 | . . . . . . . 1 . . . . . . . . . . . . . 11 Treads 1694 | . . . . . . . 212 272 . . 123 . 174 225 283 288 . . . . 117 Legs 4307 | 1 506 164 249 502 558 989 65 . . . 29 653 42 . . 179 109 . . . 261 Wheels 1627 | . . . . . . . . 97 85 264 587 . . . . . . . . 325 269 Hover 1320 | . . . . . . . . . . . . . . . . . 323 501 311 185 . Flight . | . . . . . . . . . . . . . . . . . . . . . . Fastest Speed 50 | 120 120 150 150 150 150 150 155 120 120 120 120 150 150 160 160 120 92 92 92 110 50 Average Speed 145 | 120 121 150 150 154 173 159 198 178 120 120 140 150 175 173 160 144 99 92 113 128 152 Slowest Speed 950 | 120 150 150 150 210 240 180 950 200 120 120 240 180 180 180 160 180 250 92 142 170 270 Overloaded Moves . | . . . . . . . . . . . . . . . . . . . . . . Propulsion Burnouts . | . . . . . . . . . . . . . . . . . . . . . . Robots Hopped 5 | . . . . . . . . 1 . . . . . . . . 4 . . . . Cave-ins Triggered 1 | . . . . . . . . . . . . . . . . . . . . 1 . Teleports 1 | . . . . . . . . . . . . . . . . . . . . . 1 Exploration Rate (%) 48 | 2 93 36 60 91 47 27 55 66 70 41 25 80 59 8 48 72 82 71 13 16 13 Regions Visited 21 Branch Regions 13 Pre-discovered Areas 7 | . . . 1 1 . . 1 . 1 . . . . . . . 3 . . . . Known Exits Taken 10 | . 1 . . . 1 1 1 1 . . 1 . 1 1 1 . . 1 . . . Unknown Exits Taken 11 | 1 . 1 1 1 . . . . 1 1 . 1 . . . 1 1 . 1 1 . Scrap Searched 14 | . . . . 2 . . 3 3 . . . . . . 2 1 . 3 . . . Spaces Dug 52 | . 11 9 . . . . . . . . 28 . . . . . . 3 1 . . Terrain Destroyed 478 | . 65 9 . 31 37 20 2 . . 1 28 85 54 9 3 7 . 6 51 23 47 Melee 4 | . . . . . . . . . . . 4 . . . . . . . . . . Projectile 98 | . . . . . . . 2 . . . . . 5 9 3 3 . 6 24 23 23 AOE 376 | . 65 9 . 31 37 20 . . . 1 24 85 49 . . 4 . . 27 . 24 Terrain Rammed . | . . . . . . . . . . . . . . . . . . . . . . Walls Destroyed . | . . . . . . . . . . . . . . . . . . . . . . Machines Disabled . | . . . . . . . . . . . . . . . . . . . . . . Actions | -11 -10 -10 -10 -9 -8 -7 -7 -7 -7 -6 -6 -6 -6 -5 -5 -5 -5 -4 -4 -3 -2 --------- Run | Scr Mat Min Exi Min Mat Fac Low Low Dat Pro Fac Ext Cet Fac Upp Upp Zhi Pro Fac Res Res Total 11163 | . 567 211 254 536 655 1177 303 387 88 291 1032 947 397 310 289 503 574 502 365 617 1158 Wait 544 | . 2 22 3 6 31 47 . . . . 80 50 120 17 . . 3 . 3 7 153 Move 8929 | . 505 163 248 501 557 988 277 366 84 263 738 652 215 224 282 466 423 500 310 509 658 Hop 5 | . . . . . . . . 1 . . . . . . . . 4 . . . . Pick Up 247 | . 6 3 3 10 6 19 3 10 . 2 15 4 10 25 . 12 8 . 2 32 77 Fast Attach 88 | . 1 . . 1 6 13 1 . 2 1 11 6 4 1 . 1 19 . 13 5 3 Attach 143 | . 1 1 . 1 5 8 5 3 . 2 11 1 5 6 . 5 2 . . 10 77 Detach 5 | . . . . . 1 2 . . . . . . . . . . . . . 1 1 Swap 108 | . 10 1 . 7 5 9 2 2 . 3 10 15 5 8 1 4 10 . 2 10 4 Drop 199 | . 6 1 . 6 5 25 1 3 2 . 15 17 13 15 . 11 25 . 11 20 23 Fire 414 | . 36 20 . 4 32 24 14 . . 20 21 14 20 14 6 4 2 2 23 23 135 Melee 222 | . . . . . 7 36 . 2 . . 78 10 5 . . . 78 . . . 6 Ram 1 | . . . . . . . . . . . 1 . . . . . . . . . . Kick . | . . . . . . . . . . . . . . . . . . . . . . Crush 21 | . . . . . . . . . . . . . . . . . . . . . 21 Escape Stasis 10 | . . . . . . 5 . . . . . 5 . . . . . . . . . Rewire 226 | . . . . . . . . . . . 52 173 . . . . . . 1 . . Trap 1 | . . . . . . 1 . . . . . . . . . . . . . . . Miscellaneous . | . . . . . . . . . . . . . . . . . . . . . . Route ------- -11/Scrapyard -10/Materials (discovered 5 exits: *Mat x3 / *Min x2) -10/Mines -10/Exiles (discovered 2 exits: *Min x2) -9/Mines -8/Materials (discovered 3 exits: *Fac x3) -7/Factory (discovered 2 exits: *Low x2) -7/Lower Caves -7/Lower Caves (discovered 2 exits: *Fac / *Dat) -7/Data Miner -6/Proximity Caves -6/Factory (discovered 8 exits: Fac x4 / Low x2 / *Ext x2) -6/Extension (discovered 2 exits: *Fac / *Cet) -6/Cetus (discovered 2 exits: *Fac / [*Arc]) -5/Factory (discovered 2 exits: *Upp x2) -5/Upper Caves -5/Upper Caves (discovered 2 exits: *Fac / *Zhi) -5/Zhirov -4/Proximity Caves -4/Factory -3/Research (discovered 2 exits: [*Res] / [*Tes]) -2/Research History --------- Turn | Location | Event 1 | -11/Scrapyard | Discovered new exit (range 0) 1 | -11/Scrapyard | Entered Materials 92 | -10/Materials | Discovered new exit (range 16) 311 | -10/Materials | Build established: Mutant 365 | -10/Materials | Identified exit to Mines 365 | -10/Materials | Identified exit to Materials 732 | -10/Materials | Entered Mines 732 | -10/Mines | Accompanied by 1 ally 755 | -10/Mines | Met a Derelict bent on vengeance 822 | -10/Mines | Deemed a non-threat by the Exiles lab entrance 822 | -10/Mines | Discovered new exit (range 5) 1054 | -10/Mines | Entered Exiles 1054 | -10/Exiles | Accompanied by 1 ally 1074 | -10/Exiles | Discovered new exit (range 15) 1092 | -10/Exiles | Met 8R-AWN 1117 | -10/Exiles | Met EX-HEX 1158 | -10/Exiles | Met EX-BIN 1176 | -10/Exiles | Aligned with FarCom system 1177 | -10/Exiles | Given EX-Vault access code 1212 | -10/Exiles | Opened EX-Vault 1225 | -10/Exiles | Found Chronowheel 1232 | -10/Exiles | Found Field Lobotomy Kit 1242 | -10/Exiles | Found Lightpack 2.0 1273 | -10/Exiles | Warned to stay clear of 0b10 Research branches 1315 | -10/Exiles | Met EX-DEC 1341 | -10/Exiles | Learned location of Zion (-6) 1410 | -10/Exiles | Discovered new exit (range 14) 1432 | -10/Exiles | Stole three prototypes: Chronowheel, Field Lobotomy Kit, Lightpack 2.0 1432 | -10/Exiles | Entered Mines 1432 | -9/Mines | Accompanied by 1 ally 1485 | -9/Mines | Assisted by bots powering up and referring to "LRC-V3" 1502 | -9/Mines | Learned Materials terminal intel 1573 | -9/Mines | Found a hidden stash of uninstalled traps 1772 | -9/Mines | Build established: Commander-Mutant 2092 | -9/Mines | Met a Derelict shopkeep closing up shop 2168 | -9/Mines | Discovered new exit (range 8) 2247 | -9/Mines | Entered Materials 2247 | -8/Materials | Accompanied by 3 allies 2247 | -8/Materials | Evolved 4 slots: Utility x4 2248 | -8/Materials | Loaded intel: 12 terminal locations 2333 | -8/Materials | Build established: Mutant 2806 | -8/Materials | Build established: Scavenger-Mutant 2911 | -8/Materials | Identified exit to Factory 3159 | -8/Materials | Lost 6 parts (1n2u3w) 3373 | -8/Materials | Entered Factory 3373 | -7/Factory | Evolved 2 slots: Power x1, Utility x1 3375 | -7/Factory | FarCom data flow suspended 4268 | -7/Factory | Build established: Mutant 4747 | -7/Factory | Identified exit to Lower Caves 5170 | -7/Factory | Lost 6 parts (2p2u2w) 5222 | -7/Factory | Entered Lower Caves 5352 | -7/Lower Caves | Spotted B-75 Beast 5383 | -7/Lower Caves | Destroyed B-75 Beast 5411 | -7/Lower Caves | Lost 6 parts (2n2u2w) 5611 | -7/Lower Caves | Identified exit to Lower Caves 5696 | -7/Lower Caves | Build established: Scavenger-Mutant 5825 | -7/Lower Caves | Entered another Lower Caves area 5909 | -7/Lower Caves | Discovered new exit (range 7) 5977 | -7/Lower Caves | Found Prototype Device 6081 | -7/Lower Caves | Identified exit to Data Miner 6240 | -7/Lower Caves | Build established: Hauler-Mutant 6508 | -7/Lower Caves | Entered Data Miner 6508 | -7/Data Miner | Discovered new exit (range 6) 6532 | -7/Data Miner | Met Data Miner 6567 | -7/Data Miner | Learned location of Section 7 (-2) 6567 | -7/Data Miner | Acquired the access code to Warlord's prototype stash 6578 | -7/Data Miner | Received God Mode back door access code from Data Miner 6613 | -7/Data Miner | Entered Proximity Caves 6707 | -6/Proximity Caves | Spotted B-75 Beast 6709 | -6/Proximity Caves | Escorted by Enhanced Grunt 6819 | -6/Proximity Caves | Destroyed B-75 Beast 6842 | -6/Proximity Caves | Lost 3 parts (1u2w) 6981 | -6/Proximity Caves | Discovered new exit (range 5) 6996 | -6/Proximity Caves | Entered Factory 6996 | -6/Factory | Evolved 2 slots: Propulsion x1, Utility x1 7387 | -6/Factory | Spotted B-75 Beast 7606 | -6/Factory | Lost 5 parts (2p1n2u) 7740 | -6/Factory | Core integrity fell below 50% 7815 | -6/Factory | Identified exit to Lower Caves 7815 | -6/Factory | Identified exit to Extension 7815 | -6/Factory | Identified exit to Factory 7913 | -6/Factory | Build established: Scavenger-Mutant 8514 | -6/Factory | Entered Extension 8514 | -6/Extension | Accompanied by 3 allies 8722 | -6/Extension | Rescued a captive Derelict 8749 | -6/Extension | Rescued a captive Derelict 8750 | -6/Extension | Rescued a captive Derelict 8771 | -6/Extension | Rescued a captive Derelict 8795 | -6/Extension | Rescued a captive Derelict 8819 | -6/Extension | Rescued A7 8831 | -6/Extension | Rescued a captive Derelict 8832 | -6/Extension | Rescued a captive Derelict 8864 | -6/Extension | First assault squad dispatched 8883 | -6/Extension | Incoming assault squad redirected 8995 | -6/Extension | Rescued a captive Derelict 9168 | -6/Extension | Build established: Commander-Mutant 9361 | -6/Extension | Spotted B-75 Beast 9374 | -6/Extension | Spotted B-75 Beast 9382 | -6/Extension | Allies destroyed B-75 Beast 9386 | -6/Extension | Allies destroyed B-75 Beast 9464 | -6/Extension | Disrupted transfer network 9584 | -6/Extension | Incoming assault squad redirected 9587 | -6/Extension | Incoming assault squad redirected 9782 | -6/Extension | Discovered exit to Factory (range 10) 9784 | -6/Extension | Discovered new exit (range 6) 9824 | -6/Extension | Entered Cetus 9824 | -6/Cetus | Accompanied by 14 allies (A7) 9829 | -6/Cetus | Acquired a Cetus Manufacturing Module code from A7 9845 | -6/Cetus | Spotted Cetus Guard 9845 | -6/Cetus | Spotted Cetus Guard 9847 | -6/Cetus | Spotted Cetus Guard 9848 | -6/Cetus | Allies destroyed Cetus Guard 9858 | -6/Cetus | Spotted Cetus Guard 9859 | -6/Cetus | Allies destroyed Cetus Guard 9865 | -6/Cetus | Destroyed Cetus Guard 9870 | -6/Cetus | Allies destroyed Cetus Guard 9899 | -6/Cetus | Destroyed A7 9904 | -6/Cetus | Extracted ID and sensor layout for unrecognized location from A7's data core 9907 | -6/Cetus | Build established: Scavenger-Mutant 10097 | -6/Cetus | Started Cetus Manufacturing Module 10122 | -6/Cetus | Manufactured an Enhanced Grunt 10130 | -6/Cetus | Discovered new exit (range 15) 10147 | -6/Cetus | Manufactured an Enhanced Grunt 10172 | -6/Cetus | Manufactured an Enhanced Grunt 10197 | -6/Cetus | Manufactured an Enhanced Grunt 10222 | -6/Cetus | Manufactured an Enhanced Grunt 10298 | -6/Cetus | Found Prototype Device 10300 | -6/Cetus | Identified Exp. Thermal Shield 10333 | -6/Cetus | Found Exp. Thermal Shield 10343 | -6/Cetus | Spotted Cetus Guard 10348 | -6/Cetus | Spotted Cetus Guard 10348 | -6/Cetus | Spotted Cetus Guard 10348 | -6/Cetus | Spotted Cetus Guard 10353 | -6/Cetus | Destroyed Cetus Guard 10362 | -6/Cetus | Destroyed Cetus Guard 10364 | -6/Cetus | Allies destroyed Cetus Guard 10365 | -6/Cetus | Destroyed Cetus Guard 10395 | -6/Cetus | Discovered exit to Factory (range 16) 10404 | -6/Cetus | Met Revision 17 10422 | -6/Cetus | Entered Factory 10422 | -5/Factory | Accompanied by 2 allies 10422 | -5/Factory | Evolved 2 slots: Weapon x2 10482 | -5/Factory | Identified exit to Upper Caves 10833 | -5/Factory | Found Exp. Thermal Shield 10918 | -5/Factory | Entered Upper Caves 11101 | -5/Upper Caves | Spotted B-75 Beast 11167 | -5/Upper Caves | Build established: Scavenger-Gunner 11323 | -5/Upper Caves | Identified exit to Upper Caves 11392 | -5/Upper Caves | Entered another Upper Caves area 11405 | -5/Upper Caves | Discovered new exit (range 15) 11499 | -5/Upper Caves | Encountered a Warlord checkpoint 11839 | -5/Upper Caves | Learned Factory interactive machine intel 11854 | -5/Upper Caves | Spotted G0-H3S(f) 11855 | -5/Upper Caves | Encountered a Master Thief 11855 | -5/Upper Caves | Destroyed G0-H3S(f) 11858 | -5/Upper Caves | Spotted 14-5VV(f) 11859 | -5/Upper Caves | Encountered a Master Thief 11859 | -5/Upper Caves | Spotted TD-997(f) 11859 | -5/Upper Caves | Lightpack 2.0 stolen by Master Thief 11860 | -5/Upper Caves | Encountered a Master Thief 11861 | -5/Upper Caves | Centrium Heavy Treads stolen by Master Thief 11940 | -5/Upper Caves | Discovered new exit (range 14) 12110 | -5/Upper Caves | Entered Zhirov 12110 | -5/Zhirov | Discovered new exit (range 3) 12132 | -5/Zhirov | Met Zhirov 12158 | -5/Zhirov | Build established: Scavenger-Tank 12167 | -5/Zhirov | Learned location of Quarantine (-2) 12167 | -5/Zhirov | Learned location of Testing (-3) 12167 | -5/Zhirov | Learned location of Command (-1) 12179 | -5/Zhirov | Zhirov requested help retrieving the SGEMP Prototype 12205 | -5/Zhirov | Found Alien Artifact 12205 | -5/Zhirov | Identified Integrated Dissipator 12205 | -5/Zhirov | Installed Integrated Dissipator, increased core heat dissipation (+20) 12303 | -5/Zhirov | Found Alien Artifact 12329 | -5/Zhirov | Attacked by Zhirov 12351 | -5/Zhirov | Zhirov warped through subspace 12352 | -5/Zhirov | Assimilated Perun with FLK Orb 12360 | -5/Zhirov | Zhirov detonated his lab 12360 | -5/Zhirov | Cloak Generator disabled 12391 | -5/Zhirov | Lost 3 parts (3u) 12631 | -5/Zhirov | Build established: Scavenger-Mutant 12848 | -5/Zhirov | Entered Proximity Caves 12848 | -4/Proximity Caves | Accompanied by 1 ally (Perun) 12956 | -4/Proximity Caves | Identified exit to Factory 12959 | -4/Proximity Caves | Spotted B-86 Titan 13097 | -4/Proximity Caves | Build established: Scavenger-Gunner 13317 | -4/Proximity Caves | Entered Factory 13317 | -4/Factory | Accompanied by 1 ally (Perun) 13317 | -4/Factory | Evolved 2 slots: Utility x2 13318 | -4/Factory | Loaded intel: 46 interactive machine locations 13714 | -4/Factory | Discovered new exit (range 14) 13788 | -4/Factory | Entered Research 13788 | -3/Research | Accompanied by 1 ally (Perun) 13788 | -3/Research | Evolved 2 slots: Utility x2 13988 | -3/Research | Revision forces began assault on 0b10 14034 | -3/Research | Discovered new exit (range 9) 14075 | -3/Research | Met up with Revision 17++ 14281 | -3/Research | Crushed by falling debris 14347 | -3/Research | Discovered new exit (range 15) 14405 | -3/Research | Build established: Hauler-Gunner 14488 | -3/Research | Research terminal network offline 14607 | -3/Research | Entered another Research area 14607 | -2/Research | Evolved 2 slots: Utility x2 14776 | -2/Research | Lost 5 parts (3u2w) 14814 | -2/Research | Destroyed 17 combat bots 14860 | -2/Research | Lost 9 parts (1p1n4u3w) 14971 | -2/Research | Found Prototype Device 14972 | -2/Research | Identified Exp. Transmission Jammer 14974 | -2/Research | Found Faulty Exp. Transmission Jammer 14992 | -2/Research | Found Exp. Transmission Jammer 15138 | -2/Research | Lost 4 parts (2u2w) 15221 | -2/Research | Lost 4 parts (1p1n2u) 15365 | -2/Research | Identified Transdimensional Reconstructor 15365 | -2/Research | Warped through subspace 15394 | -2/Research | Lost 22 parts (3p4n8u7w) 15737 | -2/Research | Core integrity fell below 50% 15795 | -2/Research | Lost 7 parts (2n5w) 15806 | -2/Research | System corruption reached 10% 16037 | -2/Research | Found Quantum Capacitor 16053 | -2/Research | Build established: Scavenger-Mutant 16262 | -2/Research | Lost 4 parts (1p1u2w) 16278 | -2/Research | System corruption reached 30% 16399 | -2/Research | Core integrity fell below 20% 16404 | -2/Research | Activated Chronowheel 16412 | -2/Research | Destroyed by H-88 Terminator with KE Penetrator Last Messages --------------- 16404_ Spacetime feels off. 16405_ Slug penetrates Wall. 16405_ Penetrated by Slug. 16406_ K-01 Serf collects debris. 16406_ Dropped Biometal Heavy Treads. 16406_ U-05 Engineer lays Concrete. 16407_ Penetrated by Slug. 16407_ Acquired 25 matter. 16408_ U-05 Engineer lays Concrete. 16409_ Penetrated by Slug. 16409_ Slug penetrates Wall. 16409_ Penetrated by Slug. 16409_ Slug penetrates Wall. 16410_ System corrupted: IFF burst signal emitted. 16410_ Penetrated by Slug. 16410_ Biometal Heavy Treads destroyed. 16411_ Penetrated by Slug. 16412_ Chronowheel destroyed. 16412_ Spacetime feels normal again. 16412_ Penetrated by Slug. Map ----- +----------------------------------------------------+ | ?????????????????????????????????????????????????? | | ?????????????????????????????????????????????????? | | ?????????????????????????????????????????????????? | | ?????????????????????????????????????????????????? | | ?????????????????????????????????????????????????? | | ?????????????????????????????????????????????????? | | ?????????????????????????????????????????????????? | | ?????????????????????????????????????????????????? | | ?????????????????????????????????????????????????? | | ?????????????????????????????????????????????????? | | ?????????????????????????????????????????????????? | | ?????????????????????????###+#???????????????????? | | ????????????????????????? #???????????????????? | | ????????????????????????? #???????????????????? | | ????????????????????????? #???????????????????? | | ????????????????????????? w/???????????????????? | | ????????????????????????? #???????????????????? | | ???????? ?????????????# k#???????????????????? | | ??????? ?????????????# #???????????????????? | | ??????? ?????????????# #???????????????????? | | ??????? ?????????????# #???????????????????? | | ??????# ?????????????# #???????????????????? | | ??????? ?????????????# #???????????????????? | | ??????? ?????????????# #???????????????????? | | ??????? #????????????# #???????????????????? | | ???????? #????????????#@ #???????????????????? | | ???????? #????????????# #???????????????????? | | ???????? #????????????# #???????????????????? | | ????????? #????????????# #???????????????????? | | ????????? +????????????# +???????????????????? | | ?????????# #????????????# #???????????????????? | | ?????????# #???########## #???????????????????? | | ???????### ###?# * #u= ########????????????? | | ???????# #?# #%hhhp #????????????? | | # # % ### ! #p=pph #????????????? | | # + % %/ ! #* h #????????????? | | # # ###= " ="= """ #????????????? | | # ??# #?# """ #! w """ #????????????? | | # ????## ##?# # " #????????????? | | ######### #??# # "F" #????????????? | | % #??# # """ ????????????? | | #??########## ????????????? | | #???????????# ??????????????? | | ####+### ##???????????# ??????????????? | | #?! #?# #????????????# #######?????????????? | | ## #?# #????????????? #???????????????????? | | %##! =#?# #????????????? #???????????????????? | | ## #?# #????????????? #???????????????????? | | ##!!!#?# #????????????? #???????????????????? | | ##!!!#?# #????????????? #???????????????????? | +----------------------------------------------------+ Best States ------------- Heat Dissipation 145 Coolant Potential 100 Energy Generation 54 Energy Capacity 1920 Matter Stores 355 Matter Capacity 400 Sight Range 22 Robot Scan Range 16 Terrain Scan Range 16 Terrain Scan Density 110 Jamming Range 22 Power Amplification 30 Armor Coverage 1800 Resistance: TH 30 Utility Shielding 90 Thermal Conversion 30 Weapon Cycling 20 Evasion (%) 50 Targeting Accuracy 16 Target Analysis 8 Core Analysis 10 Recoil Reduction 18 Matter Filtering 50 Particle Charging 25 Salvage Targeting 2 Defensive Hacking 10 Item Schematics ----------------- Combat Drone Bay | -7/Data Miner | Free Lgt. Regenerative Plating | -7/Data Miner | Free Exp. Flexi-carbon Leg | -7/Data Miner | Free Cmb. Gravmag System | -7/Data Miner | Free Exp. Sensor Array | -7/Data Miner | Free Exp. Terrain Scanner | -7/Data Miner | Free Exp. Targeting Computer | -7/Data Miner | Free Tactical Coordination Suite | -7/Data Miner | Free Cloaking Device | -7/Data Miner | Free Exp. ECM Suite | -7/Data Miner | Free Assault Drone Bay | -5/Zhirov | Free Exp. Heat Sink | -5/Zhirov | Free Exp. Optical Array | -5/Zhirov | Free Imp. Arc Thrower | -5/Zhirov | Free Robot Schematics ------------------ G-50 Soldier | -7/Data Miner | Free L-41 Fighter | -7/Data Miner | Free H-66 Slayer | -7/Data Miner | Free I-36 Angel | -7/Data Miner | Free S-27 Virus | -7/Data Miner | Free Fabricated ------------ Nothing Alien Tech Used ----------------- Integrated Dissipator Transdimensional Reconstructor Achievements -------------- None Challenges ------------ None Game ------ Seed LightpackAerolevSteel Manual? 1 Play Time 02:27:19 Cumulative 129.6 hours Start 2020.12.08 @ 08:05:47 End 2020.12.08 @ 17:34:23 Sessions 3 Manual Loads 0 Difficulty Rogue Special Mode None Game No. 132 Rogue 125 Adventurer 0 Explorer 7 Win Type - Total 1 Types 0/0/1/0/0/0/0/0/0 Lore% 56 Gallery% 84 Achievement% 64 Wizard Run 0 Options --------- ASCII 0 Keyboard 0 Movement Mouse Keybinds 0 Fullscreen 1 Font 18/X11 Map View 76x50 Tactical HUD 1 Map Filters NONE Filters NONE Steam 1 RUN: 90c86294-79d9-4f35-8cb6-77e54e7deccd